AoeStats
← Franto_36

Arabia

508700130Analyzed
1v1 RM · 9d ago on Sep 23, 2026· 50m 53s· 2 players
Game mode
Random Map
Map size
Tiny (2 player)
Population
200
Speed
Normal
Resources
Standard
Victory
Conquest
Starting age
Dark Age
Ending age
Imperial Age
RankedLock teamsTeams togetherTeam positionsShared explorationLock speedFull tech treeHidden civsTurbo modeCheats
Victory
Defeat
🇹🇷 Huns · Türkiye
827
+17
🇸🇰 Lithuanians · Slovakia
850
-17
Lancelot
6:25 Loom
9:20 Feudal Age
20:11 Castle Age
20:21 Elite Skirmisher
21:15 Husbandry
21:48 Pikeman
22:45 Padded Archer Armor
25:24 Forging
25:15 Scale Mail Armor
36:50 Imperial Age
36:07 Fletching
36:54 Iron Casting
36:34 Chain Mail Armor
36:48 Murder Holes
41:29 Chemistry
40:47 Thumb Ring
41:19 Squires
42:38 Ballistics
44:19 Parthian Tactics
48:26 Bodkin Arrow
48:47 Leather Archer Armor
51:28 Blast Furnace
50:43 Chain Mail Armor
Franto_36
7:07 Loom
9:35 Feudal Age
10:03 Double-Bit Axe
10:00 Horse Collar
16:24 Wheelbarrow
19:36 Castle Age
19:01 Forging
19:08 Scale Barding Armor
19:06 Town Watch
20:09 Bloodlines
22:49 Husbandry
24:17 Hand Cart
26:42 Fervor
28:01 Town Patrol
28:10 Gold Mining
28:14 Stone Mining
28:37 Bow Saw
29:17 Heavy Plow
33:15 Iron Casting
33:01 Chain Barding Armor
32:53 Treadmill Crane
36:45 Murder Holes
37:00 Masonry
39:33 Imperial Age
37:46 Hill Forts
37:59 Elite Skirmisher
39:33 Fletching
40:43 Stone Shaft Mining
41:16 Guilds
42:30 Thumb Ring
43:53 Chemistry
44:52 Bodkin Arrow
45:35 Plate Barding Armor
45:25 Conscription
47:18 Conscription
Connection lost

Rejoining the realm…

Still unreachable

The connection could not be restored.

Session expired

The server has moved on; the page needs a fresh start.